Maple Leafs vs Jets
Created - May 30, 2023 at 21:15
Goals
|
Maple Leafs |
0 |
1 |
2 |
3 |
Jets |
1 |
1 |
0 |
2 |
|
Shots
|
Maple Leafs |
8 |
11 |
6 |
25 |
Jets |
6 |
12 |
9 |
27 |
|
1st period
1. Jets , Alexander Wennberg 14 (Ryan Murray 25) at 4:03
Penalties :
No Penalty
2nd period
2. Jets , Alex Galchenyuk 48 (Troy Stetcher 19, Jacob Markstrom) at 3:56 (PP)
3. Maple Leafs , Patrice Cormier 10 (Pontus Aberg 9) at 7:56
Penalties :
Andre Burakovsky (TOR) for Roughing (Minor) at 2:04, Sam Reinhart (Win) for Holding (Minor) at 17:40
3rd period
4. Maple Leafs , Evander Kane 28 (Matt Duchene 56, Zach Werenski 33) at 9:07
5. Maple Leafs , Tye McGinn 22 (John Klingberg 55, Andre Burakovsky 53) at 9:17
Penalties :
Matt Duchene (TOR) for Hooking (Minor) at 1:43, Tye McGinn (TOR) for Hooking (Minor) at 9:45, Andre Burakovsky (TOR) for Hooking (Minor) at 18:36
Goalie Stats
Martin Jones (TOR), 25 saves from 27 shots - (0.926), W, 17-16-2, 60:00 minutes
Jacob Markstrom (Win), 22 saves from 25 shots - (0.880), L, 40-24-7, 58:37 minutes
Players Stats for Maple Leafs
Player Name G A P +/- PIM S H SB GA TA FO MP PP MP PK MP
------------------------------------------------------------------------------------
Andre Burakovsky 0 1 1 1 4 4 0 0 1 0 0/1 15:53 1:03 1:13
Bo Horvat 0 0 0 1 0 0 1 0 0 0 4/10 16:30 1:03 1:40
Brad Boyes 0 0 0 0 0 1 2 0 0 0 0/0 11:59 0:00 0:00
Brandon Saad 0 0 0 1 0 0 1 0 1 0 0/0 11:47 0:33 2:03
Brayden Schenn 0 0 0 0 0 3 1 0 0 0 15/28 21:56 0:56 4:15
Brenden Dillon 0 0 0 1 0 0 1 0 0 0 0/0 12:54 0:24 0:00
Brett Pesce 0 0 0 1 0 0 2 0 0 1 0/0 13:03 0:24 0:00
Elias Pettersson 0 0 0 0 0 3 0 1 2 0 0/2 13:01 0:00 0:59
Evander Kane 1 0 1 0 0 3 1 0 0 2 0/0 21:57 0:56 4:16
Jason Zucker 0 0 0 0 0 1 4 1 1 0 0/0 12:29 0:30 0:00
John Klingberg 0 1 1 0 0 0 2 0 2 0 0/0 27:21 0:20 4:32
Jon Merrill 0 0 0 0 0 1 3 0 0 1 0/0 27:11 0:20 4:32
Luke Schenn 0 0 0 1 0 0 0 0 1 0 0/0 18:42 1:15 2:41
Matt Duchene 0 1 1 0 2 1 1 1 0 0 0/0 17:45 0:56 0:00
Patrice Cormier 1 0 1 1 0 4 1 0 0 0 1/2 9:10 0:00 0:00
Pontus Aberg 0 1 1 1 0 1 1 0 0 0 1/2 8:57 0:00 0:00
Tye McGinn 1 0 1 1 2 3 0 0 0 0 0/0 13:32 0:00 0:00
Zach Werenski 0 1 1 1 0 0 1 0 1 0 0/0 18:36 1:15 2:41
Players Stats for Jets
Player Name G A P +/- PIM S H SB GA TA FO MP PP MP PK MP
------------------------------------------------------------------------------------
Adam Larsson 0 0 0 -1 0 1 3 0 0 0 0/0 17:09 0:00 1:01
Alex Galchenyuk 1 0 1 -1 0 3 1 1 0 1 0/0 20:12 4:10 0:33
Alexander Wennberg 1 0 1 0 0 3 0 0 0 0 2/4 12:24 0:00 0:00
Anthony Mantha 0 0 0 0 0 0 2 0 0 1 0/0 13:26 0:00 1:02
Brent Burns 0 0 0 -1 0 1 0 0 0 1 0/0 18:15 2:45 0:23
Dougie Hamilton 0 0 0 0 0 1 1 1 0 0 0/0 23:22 4:28 0:38
Frank Vatrano 0 0 0 -1 0 0 1 0 0 0 0/0 9:15 0:00 0:24
Jussi Jokinen 0 0 0 0 0 2 0 1 0 0 0/0 12:13 0:00 0:00
Marco Scandella 0 0 0 -1 0 0 0 0 0 4 0/0 16:31 0:00 0:58
Max Domi 0 0 0 0 0 2 0 0 2 0 0/0 18:08 3:03 0:00
Noel Acciari 0 0 0 -1 0 0 0 0 0 0 0/1 9:08 0:00 0:24
Ryan Johansen 0 0 0 -1 0 2 2 1 2 0 6/15 20:12 4:10 0:33
Ryan Murray 0 1 1 0 0 1 2 1 0 0 0/0 22:03 2:45 0:58
Sam Reinhart 0 0 0 -1 2 2 0 0 0 0 0/0 8:44 0:00 0:00
Troy Stetcher 0 1 1 -1 0 3 0 0 0 2 0/0 20:12 4:28 0:00
Tyler Seguin 0 0 0 0 0 1 1 1 0 0 16/25 19:00 3:03 1:02
Tyler Toffoli 0 0 0 -1 0 0 1 1 0 0 0/0 19:38 4:10 0:00
Viktor Arvidsson 0 0 0 0 0 5 1 0 0 0 0/0 18:08 3:03 0:00
3 Stars
1 - Patrice Cormier (TOR)
2 - Evander Kane (TOR)
3 - Zach Werenski (TOR)
Power Play
Maple Leafs - 0 on 1 Attempt(s) - 0.00%
Jets - 1 on 4 Attempt(s) - 25.00%
Penalty Kill
Maple Leafs - 3 on 4 Attempt(s) - 75.00%
- Score 0 goal in Penalty Kill
Jets - 1 on 1 Attempt(s) - 100.00%
- Score 0 goal in Penalty Kill
Team Stat
Maple Leafs - Hits : 22 - Faceoff Wins : 21 - Blocked Shots : 3 - Penalty Minutes : 8
Jets - Hits : 15 - Faceoff Wins : 24 - Blocked Shots : 7 - Penalty Minutes : 2
Official
Referees : Jacob Brenk and TJ Luxmore
Linesman : David Brisebois and Brad Kovachik
Game Notes
No Game Note
Finance
Level 1 -- Attendance: 6000 (100.00%) -- Ticket Income $600,000
Level 2 -- Attendance: 5000 (100.00%) -- Ticket Income $300,000
Level 3 -- Attendance: 2000 (100.00%) -- Ticket Income $70,000
Level 4 -- Attendance: 3910 (97.75%) -- Ticket Income $97,750
Luxury Box -- Attendance: 994 (99.40%) -- Ticket Income $198,800
Game was played at the Bell MTS Place.
Total Attendance: 17904 (99.47%)
Total Ticket Income: $1,266,550
Other Income: $189,982
Total Income: $1,456,532
Maple Leafs
5 vs 5 Forward
Center Left Wing Right Wing Time % Phy DF OF
1 Brayden Schenn Evander Kane Matt Duchene 40 1 1 3
2 Bo Horvat Tye McGinn Andre Burakovsky 30 1 2 2
3 Elias Pettersson Jason Zucker Brad Boyes 20 1 2 2
4 Patrice Cormier Brandon Saad Pontus Aberg 10 1 2 2
5 vs 5 Defense
Defense Defense Time % Phy DF OF
1 Jon Merrill John Klingberg 40 1 3 1
2 Luke Schenn Zach Werenski 30 1 3 1
3 Brenden Dillon Brett Pesce 20 1 3 1
4 Jon Merrill John Klingberg 10 1 3 1
PowerPlay Forward
Center Left Wing Right Wing Time % Phy DF OF
1 Brayden Schenn Evander Kane Matt Duchene 60 0 4 1
2 Bo Horvat Jason Zucker Andre Burakovsky 40 0 4 1
PowerPlay Defense
Defense Defense Time % Phy DF OF
1 Jon Merrill John Klingberg 60 0 2 3
2 Luke Schenn Zach Werenski 40 0 2 3
Penalty Kill 4 Players Forward
Center Wing Time % Phy DF OF
1 Brayden Schenn Evander Kane 60 1 3 1
2 Bo Horvat Andre Burakovsky 40 1 3 1
Penalty Kill 4 Players Defense
Defense Defense Time % Phy DF OF
1 Jon Merrill John Klingberg 60 1 4 0
2 Luke Schenn Zach Werenski 40 1 4 0
Penalty Kill - 3 Players Forward
Forward Time % Phy DF OF
1 Brayden Schenn 60 1 3 1
2 Bo Horvat 40 1 3 1
Penalty Kill - 3 Players Defense
Defense Defense Time % Phy DF OF
1 Jon Merrill John Klingberg 60 1 4 0
2 Luke Schenn Zach Werenski 40 1 4 0
4 vs 4 Forward
Center Wing Time % Phy DF OF
1 Brayden Schenn Evander Kane 60 1 2 2
2 Bo Horvat Andre Burakovsky 40 1 2 2
4 vs 4 Defense
Defense Defense Time % Phy DF OF
1 Jon Merrill John Klingberg 60 1 3 1
2 Luke Schenn Zach Werenski 40 1 3 1
Last Minutes Offensive
Center Left Wing Right Wing Defense Defense
Brayden Schenn Evander Kane Matt Duchene Jon Merrill John Klingberg
Last Minutes Defensive
Center Left Wing Right Wing Defense Defense
Brayden Schenn Evander Kane Matt Duchene Jon Merrill John Klingberg
Goaltenders
Starting : Martin Jones
Backup : Kristers Gudlevskis
Extra Forwards
Normal : Andre Burakovsky, Jason Zucker, Tye McGinn - PP : Andre Burakovsky, Jason Zucker - PK : Andre Burakovsky
Extra Defensemen
Normal : Zach Werenski, Brenden Dillon, Brett Pesce - PP : Zach Werenski - PK : Zach Werenski, Brenden Dillon
Penalty Shots
Matt Duchene, Evander Kane, Brayden Schenn, Bo Horvat, Andre Burakovsky
Scratches
Haydn Fleury (Broken Bone (Right Ankle) Injury)
Jets
5 vs 5 Forward
Center Left Wing Right Wing Time % Phy DF OF
1 Ryan Johansen Alex Galchenyuk Tyler Toffoli 35 1 2 2
2 Tyler Seguin Max Domi Viktor Arvidsson 35 1 2 2
3 Alexander Wennberg Jussi Jokinen Anthony Mantha 20 1 2 2
4 Noel Acciari Frank Vatrano Sam Reinhart 10 1 2 2
5 vs 5 Defense
Defense Defense Time % Phy DF OF
1 Ryan Murray Dougie Hamilton 38 1 2 2
2 Adam Larsson Marco Scandella 31 1 2 2
3 Brent Burns Troy Stetcher 31 1 2 2
4 Ryan Murray Adam Larsson 0 1 2 2
PowerPlay Forward
Center Left Wing Right Wing Time % Phy DF OF
1 Ryan Johansen Alex Galchenyuk Tyler Toffoli 55 1 0 4
2 Tyler Seguin Max Domi Viktor Arvidsson 45 1 0 4
PowerPlay Defense
Defense Defense Time % Phy DF OF
1 Troy Stetcher Dougie Hamilton 60 0 1 4
2 Brent Burns Ryan Murray 40 0 1 4
Penalty Kill 4 Players Forward
Center Wing Time % Phy DF OF
1 Tyler Seguin Anthony Mantha 60 1 2 2
2 Noel Acciari Frank Vatrano 40 1 2 2
Penalty Kill 4 Players Defense
Defense Defense Time % Phy DF OF
1 Ryan Murray Marco Scandella 60 1 3 1
2 Dougie Hamilton Adam Larsson 40 1 3 1
Penalty Kill - 3 Players Forward
Forward Time % Phy DF OF
1 Ryan Johansen 60 0 4 1
2 Tyler Seguin 40 0 4 1
Penalty Kill - 3 Players Defense
Defense Defense Time % Phy DF OF
1 Ryan Murray Marco Scandella 60 1 4 0
2 Adam Larsson Dougie Hamilton 40 1 4 0
4 vs 4 Forward
Center Wing Time % Phy DF OF
1 Ryan Johansen Alex Galchenyuk 60 1 2 2
2 Tyler Seguin Viktor Arvidsson 40 1 2 2
4 vs 4 Defense
Defense Defense Time % Phy DF OF
1 Adam Larsson Marco Scandella 60 1 2 2
2 Dougie Hamilton Ryan Murray 40 1 2 2
Last Minutes Offensive
Center Left Wing Right Wing Defense Defense
Ryan Johansen Alex Galchenyuk Tyler Toffoli Dougie Hamilton Marco Scandella
Last Minutes Defensive
Center Left Wing Right Wing Defense Defense
Ryan Johansen Frank Vatrano Tyler Toffoli Ryan Murray Marco Scandella
Goaltenders
Starting : Jacob Markstrom
Backup : Elvis Merzlikins
Extra Forwards
Normal : Anthony Mantha, Max Domi, Sam Reinhart - PP : Alexander Wennberg, Anthony Mantha - PK : Ryan Johansen
Extra Defensemen
Normal : Dougie Hamilton, Adam Larsson, Marco Scandella - PP : Brent Burns - PK : Brent Burns, Marco Scandella
Penalty Shots
Anthony Mantha, Alex Galchenyuk, Ryan Johansen, Tyler Seguin, Alexander Wennberg
Scratches
None
% Time on Ice - Maple Leafs
Lines # - Real PCT - Wanted PCT - Time Play
Normal Forward
1 - 33% - 40% - 16:52
2 - 28% - 30% - 14:00
3 - 23% - 20% - 11:38
4 - 16% - 10% - 8:18
Normal Defense
1 - 39% - 40% - 19:36
2 - 30% - 30% - 15:02
3 - 25% - 20% - 12:36
4 - 7% - 10% - 3:34
PP Forward
1 - 47% - 60% - 0:56
2 - 53% - 40% - 1:03
PP Defense
1 - 37% - 60% - 0:44
2 - 63% - 40% - 1:15
PK Forward
1 - 77% - 60% - 5:33
2 - 23% - 40% - 1:40
PK Defense
1 - 63% - 60% - 4:32
2 - 37% - 40% - 2:41
PK3 Forward
1 - 0% - 60%
2 - 0% - 40%
PK3 Defense
1 - 0% - 60%
2 - 0% - 40%
44 Forward
1 - 0% - 60%
2 - 0% - 40%
44 Defense
1 - 0% - 60%
2 - 0% - 40%
Last Minute Offensive - 0:00
Last Minute Defensive - 0:00
Total
Forward - 60:00
Defense - 60:00
|
% Time on Ice - Jets
Lines # - Real PCT - Wanted PCT - Time Play
Normal Forward
1 - 30% - 35% - 15:29
2 - 30% - 35% - 15:17
3 - 23% - 20% - 11:43
4 - 16% - 10% - 8:19
Normal Defense
1 - 37% - 38% - 18:39
2 - 31% - 31% - 15:53
3 - 30% - 31% - 15:29
4 - 2% - 0% - 0:47
PP Forward
1 - 58% - 55% - 4:10
2 - 42% - 45% - 3:03
PP Defense
1 - 62% - 60% - 4:28
2 - 38% - 40% - 2:45
PK Forward
1 - 80% - 60% - 1:35
2 - 20% - 40% - 0:24
PK Defense
1 - 68% - 60% - 1:21
2 - 32% - 40% - 0:38
PK3 Forward
1 - 0% - 60%
2 - 0% - 40%
PK3 Defense
1 - 0% - 60%
2 - 0% - 40%
44 Forward
1 - 0% - 60%
2 - 0% - 40%
44 Defense
1 - 0% - 60%
2 - 0% - 40%
Last Minute Offensive - 0:00
Last Minute Defensive - 0:00
Total
Forward - 60:00
Defense - 60:00
|
Play-by-Play
1st period
0:01 of 1st period - Ryan Johansen wins face-off versus Brayden Schenn in neutral zone.
0:16 of 1st period - Snap shot by Ryan Johansen.
0:16 of 1st period - Shot Misses the Net.
0:47 of 1st period - John Klingberg is hit by Adam Larsson and loses puck.
1:32 of 1st period - Snap shot by Alex Galchenyuk.
1:32 of 1st period - Stopped by Martin Jones without a rebound.
1:33 of 1st period - Ryan Johansen wins face-off versus Bo Horvat in Maple Leafs zone.
1:52 of 1st period - Andre Burakovsky is hit by Ryan Johansen and loses puck.
2:03 of 1st period - Brenden Dillon is hit by Ryan Murray and loses puck.
2:18 of 1st period - Snap shot by Bo Horvat.
2:18 of 1st period - Shot Misses the Net.
2:20 of 1st period - Snap shot by Andre Burakovsky.
2:20 of 1st period - Stopped by Jacob Markstrom with a rebound.
2:22 of 1st period - Backhand shot by Bo Horvat.
2:22 of 1st period - Shot Blocked by Tyler Toffoli.
2:24 of 1st period - Snap shot by Andre Burakovsky.
2:24 of 1st period - Stopped by Jacob Markstrom without a rebound.
2:25 of 1st period - Tyler Seguin wins face-off versus Brayden Schenn in Jets zone.
2:30 of 1st period - Snap shot by Max Domi.
2:30 of 1st period - Stopped by Martin Jones with a rebound.
2:52 of 1st period - Elias Pettersson is hit by Adam Larsson and loses puck.
2:59 of 1st period - Wrist shot by Anthony Mantha.
2:59 of 1st period - Shot Misses the Net.
3:01 of 1st period - Wrist shot by Anthony Mantha.
3:01 of 1st period - Shot Misses the Net.
3:03 of 1st period - Snap shot by Jussi Jokinen.
3:03 of 1st period - Stopped by Martin Jones with a rebound.
3:26 of 1st period - Icing by Brandon Saad.
3:27 of 1st period - Tyler Seguin wins face-off versus Pontus Aberg in Maple Leafs zone.
3:40 of 1st period - Wrist shot by Max Domi.
3:40 of 1st period - Shot Misses the Net.
3:53 of 1st period - Off-side.
3:54 of 1st period - Brayden Schenn wins face-off versus Alexander Wennberg in neutral zone.
4:03 of 1st period - Snap shot by Alexander Wennberg.
4:03 of 1st period - Goal by Alexander Wennberg - Maple Leafs : 0 - Jets : 1.
4:04 of 1st period - Tyler Seguin wins face-off versus Brayden Schenn in neutral zone.
5:54 of 1st period - Tye McGinn is hit by Anthony Mantha and loses puck.
6:03 of 1st period - Slapshot by Alexander Wennberg.
6:03 of 1st period - Stopped by Martin Jones with a rebound.
6:13 of 1st period - Alex Galchenyuk is hit by Jason Zucker and loses puck.
6:34 of 1st period - Off-side.
6:35 of 1st period - Tyler Seguin wins face-off versus Patrice Cormier in neutral zone.
6:37 of 1st period - Off-side.
6:38 of 1st period - Patrice Cormier wins face-off versus Tyler Seguin in neutral zone.
6:41 of 1st period - Brent Burns is hit by John Klingberg and loses puck.
7:04 of 1st period - Snap shot by Brandon Saad.
7:04 of 1st period - Shot Blocked by Tyler Seguin.
7:06 of 1st period - Snap shot by Patrice Cormier.
7:06 of 1st period - Stopped by Jacob Markstrom with a rebound.
7:12 of 1st period - Wrist shot by Pontus Aberg.
7:12 of 1st period - Stopped by Jacob Markstrom without a rebound.
7:13 of 1st period - Brayden Schenn wins face-off versus Ryan Johansen in Jets zone.
7:18 of 1st period - Wrist shot by Matt Duchene.
7:18 of 1st period - Shot Misses the Net.
7:20 of 1st period - Slapshot by Jon Merrill.
7:20 of 1st period - Shot Misses the Net.
7:22 of 1st period - Wrist shot by Brayden Schenn.
7:22 of 1st period - Stopped by Jacob Markstrom without a rebound.
7:23 of 1st period - Brayden Schenn wins face-off versus Ryan Johansen in Jets zone.
8:15 of 1st period - Snap shot by Brayden Schenn.
8:15 of 1st period - Shot Misses the Net.
8:17 of 1st period - Slapshot by Jon Merrill.
8:17 of 1st period - Shot Misses the Net.
8:45 of 1st period - Snap shot by Alex Galchenyuk.
8:45 of 1st period - Shot Misses the Net.
8:55 of 1st period - Wrist shot by Evander Kane.
8:55 of 1st period - Shot Misses the Net.
8:57 of 1st period - Slapshot by John Klingberg.
8:57 of 1st period - Shot Blocked by Ryan Murray.
10:39 of 1st period - Wrist shot by Evander Kane.
10:39 of 1st period - Shot Misses the Net.
10:43 of 1st period - Wrist shot by Evander Kane.
10:43 of 1st period - Stopped by Jacob Markstrom with a rebound.
10:45 of 1st period - Snap shot by Jon Merrill.
10:45 of 1st period - Deflect By Ryan Johansen.
10:45 of 1st period - Stopped by Jacob Markstrom with a rebound.
10:55 of 1st period - Ryan Johansen is hit by Jon Merrill and loses puck.
11:03 of 1st period - Slapshot by Jon Merrill.
11:03 of 1st period - Shot Misses the Net.
12:24 of 1st period - Wrist shot by Brayden Schenn.
12:24 of 1st period - Stopped by Jacob Markstrom without a rebound.
12:25 of 1st period - Tyler Seguin wins face-off versus Bo Horvat in Jets zone.
12:29 of 1st period - Off-side.
12:30 of 1st period - Bo Horvat wins face-off versus Tyler Seguin in neutral zone.
12:43 of 1st period - Snap shot by Tyler Seguin.
12:43 of 1st period - Shot Misses the Net.
12:45 of 1st period - Slapshot by Adam Larsson.
12:45 of 1st period - Deflect By Andre Burakovsky.
12:45 of 1st period - Stopped by Martin Jones with a rebound.
12:57 of 1st period - Marco Scandella is hit by Brad Boyes and loses puck.
14:03 of 1st period - Anthony Mantha is hit by Jason Zucker and loses puck.
14:16 of 1st period - Frank Vatrano is hit by Pontus Aberg and loses puck.
14:27 of 1st period - Marco Scandella is hit by Brandon Saad and loses puck.
Goals for this period are 0 for Maple Leafs vs 1 for Jets.
Shots for this period are 8 for Maple Leafs vs 6 for Jets.
2nd period
0:01 of 2nd period - Tyler Seguin wins face-off versus Brayden Schenn in neutral zone.
0:13 of 2nd period - Off-side.
0:14 of 2nd period - Tyler Seguin wins face-off versus Bo Horvat in neutral zone.
0:17 of 2nd period - John Klingberg is hit by Tyler Seguin and loses puck.
1:07 of 2nd period - Snap shot by Viktor Arvidsson.
1:07 of 2nd period - Deflect By Jussi Jokinen.
1:07 of 2nd period - Stopped by Martin Jones without a rebound.
1:08 of 2nd period - Brayden Schenn wins face-off versus Alexander Wennberg in Maple Leafs zone.
1:24 of 2nd period - Luke Schenn is hit by Anthony Mantha and loses puck.
1:45 of 2nd period - Snap shot by Alex Galchenyuk.
1:45 of 2nd period - Stopped by Martin Jones without a rebound.
1:46 of 2nd period - Tyler Seguin wins face-off versus Elias Pettersson in Maple Leafs zone.
1:53 of 2nd period - Snap shot by Tyler Seguin.
1:53 of 2nd period - Shot Misses the Net.
1:55 of 2nd period - Slapshot by Troy Stetcher.
1:55 of 2nd period - Stopped by Martin Jones without a rebound.
1:56 of 2nd period - Tyler Seguin wins face-off versus Elias Pettersson in Maple Leafs zone.
1:59 of 2nd period - Slapshot by Viktor Arvidsson.
1:59 of 2nd period - Stopped by Martin Jones without a rebound.
2:00 of 2nd period - Tyler Seguin wins face-off versus Bo Horvat in Maple Leafs zone.
2:04 of 2nd period - Minor Penalty to Andre Burakovsky for Roughing.
2:05 of 2nd period - Ryan Johansen wins face-off versus Brayden Schenn in Maple Leafs zone.
2:24 of 2nd period - Brayden Schenn is hit by Alex Galchenyuk and loses puck.
2:39 of 2nd period - Wrist shot by Viktor Arvidsson.
2:39 of 2nd period - Stopped by Martin Jones without a rebound.
2:40 of 2nd period - Brayden Schenn wins face-off versus Tyler Seguin in Maple Leafs zone.
3:56 of 2nd period - Snap shot by Alex Galchenyuk.
3:56 of 2nd period - Goal by Alex Galchenyuk - Maple Leafs : 0 - Jets : 2.
3:57 of 2nd period - Tyler Seguin wins face-off versus Bo Horvat in neutral zone.
4:24 of 2nd period - Tyler Toffoli is hit by Jon Merrill and loses puck.
4:48 of 2nd period - Slapshot by Elias Pettersson.
4:48 of 2nd period - Stopped by Jacob Markstrom with a rebound.
5:30 of 2nd period - Wrist shot by Tye McGinn.
5:30 of 2nd period - Stopped by Jacob Markstrom without a rebound.
5:31 of 2nd period - Tyler Seguin wins face-off versus Andre Burakovsky in Jets zone.
5:40 of 2nd period - Snap shot by Tyler Seguin.
5:40 of 2nd period - Shot Misses the Net.
5:42 of 2nd period - Wrist shot by Tyler Seguin.
5:42 of 2nd period - Stopped by Martin Jones with a rebound.
5:44 of 2nd period - Slapshot by Viktor Arvidsson.
5:44 of 2nd period - Stopped by Martin Jones with a rebound.
5:46 of 2nd period - Wrist shot by Tyler Seguin.
5:46 of 2nd period - Deflect By Max Domi.
5:46 of 2nd period - Stopped by Martin Jones with a rebound.
5:48 of 2nd period - Slapshot by Viktor Arvidsson.
5:48 of 2nd period - Shot Misses the Net.
5:50 of 2nd period - Wrist shot by Viktor Arvidsson.
5:50 of 2nd period - Stopped by Martin Jones without a rebound.
5:51 of 2nd period - Brayden Schenn wins face-off versus Ryan Johansen in Maple Leafs zone.
6:02 of 2nd period - Snap shot by Ryan Johansen.
6:02 of 2nd period - Deflect By Alex Galchenyuk.
6:02 of 2nd period - Shot Misses the Net.
6:02 of 2nd period - Puck is out of play.
6:03 of 2nd period - Tyler Seguin wins face-off versus Brayden Schenn in Maple Leafs zone.
6:27 of 2nd period - Icing by Brent Burns.
6:28 of 2nd period - Bo Horvat wins face-off versus Ryan Johansen in Jets zone.
6:39 of 2nd period - Snap shot by Bo Horvat.
6:39 of 2nd period - Shot Blocked by Ryan Johansen.
6:41 of 2nd period - Wrist shot by Tye McGinn.
6:41 of 2nd period - Stopped by Jacob Markstrom without a rebound.
6:42 of 2nd period - Brayden Schenn wins face-off versus Tyler Seguin in Jets zone.
7:09 of 2nd period - Ryan Johansen is hit by John Klingberg and loses puck.
7:34 of 2nd period - Luke Schenn is hit by Frank Vatrano.
7:52 of 2nd period - Slapshot by Patrice Cormier.
7:52 of 2nd period - Stopped by Jacob Markstrom with a rebound.
7:56 of 2nd period - Slapshot by Patrice Cormier.
7:56 of 2nd period - Goal by Patrice Cormier - Maple Leafs : 1 - Jets : 2.
7:57 of 2nd period - Tyler Seguin wins face-off versus Brayden Schenn in neutral zone.
9:40 of 2nd period - Snap shot by Evander Kane.
9:40 of 2nd period - Shot Misses the Net.
9:59 of 2nd period - Off-side.
10:00 of 2nd period - Alexander Wennberg wins face-off versus Brayden Schenn in neutral zone.
10:37 of 2nd period - Snap shot by Andre Burakovsky.
10:37 of 2nd period - Stopped by Jacob Markstrom with a rebound.
10:59 of 2nd period - Snap shot by Elias Pettersson.
10:59 of 2nd period - Shot Misses the Net.
11:01 of 2nd period - Snap shot by Elias Pettersson.
11:01 of 2nd period - Stopped by Jacob Markstrom without a rebound.
11:02 of 2nd period - Tyler Seguin wins face-off versus Brayden Schenn in Jets zone.
11:29 of 2nd period - Jon Merrill is hit by Ryan Murray.
11:37 of 2nd period - Snap shot by Bo Horvat.
11:37 of 2nd period - Shot Blocked by Dougie Hamilton.
11:55 of 2nd period - Anthony Mantha is hit by Brett Pesce and loses puck.
12:12 of 2nd period - Noel Acciari is hit by Patrice Cormier and loses puck.
13:20 of 2nd period - Slapshot by Brent Burns.
13:20 of 2nd period - Stopped by Martin Jones with a rebound.
13:41 of 2nd period - Wrist shot by Evander Kane.
13:41 of 2nd period - Deflect By Brayden Schenn.
13:41 of 2nd period - Stopped by Jacob Markstrom with a rebound.
15:34 of 2nd period - Adam Larsson is hit by Jon Merrill and loses puck.
15:58 of 2nd period - Adam Larsson is hit by Bo Horvat and loses puck.
16:21 of 2nd period - Noel Acciari is hit by Jason Zucker and loses puck.
16:40 of 2nd period - Wrist shot by Elias Pettersson.
16:40 of 2nd period - Stopped by Jacob Markstrom with a rebound.
17:04 of 2nd period - Slapshot by Ryan Murray.
17:04 of 2nd period - Stopped by Martin Jones with a rebound.
17:06 of 2nd period - Slapshot by Ryan Murray.
17:06 of 2nd period - Shot Blocked by Jason Zucker.
17:10 of 2nd period - Snap shot by Alex Galchenyuk.
17:10 of 2nd period - Shot Blocked by Elias Pettersson.
17:12 of 2nd period - Snap shot by Dougie Hamilton.
17:12 of 2nd period - Shot Misses the Net.
17:32 of 2nd period - Wrist shot by Evander Kane.
17:32 of 2nd period - Stopped by Jacob Markstrom with a rebound.
17:34 of 2nd period - Wrist shot by Matt Duchene.
17:34 of 2nd period - Stopped by Jacob Markstrom with a rebound.
17:40 of 2nd period - Minor Penalty to Sam Reinhart for Holding.
17:41 of 2nd period - Tyler Seguin wins face-off versus Brayden Schenn in Jets zone.
18:54 of 2nd period - Brayden Schenn is hit by Adam Larsson and loses puck.
19:33 of 2nd period - Brett Pesce is hit by Ryan Johansen and loses puck.
19:40 of 2nd period - Penalty to Sam Reinhart is over, Sam Reinhart is back on ice.
Goals for this period are 1 for Maple Leafs vs 1 for Jets.
Shots for this period are 11 for Maple Leafs vs 12 for Jets.
3rd period
0:01 of 3rd period - Brayden Schenn wins face-off versus Tyler Seguin in neutral zone.
0:04 of 3rd period - Ryan Murray is hit by Evander Kane and loses puck.
0:15 of 3rd period - Jon Merrill is hit by Dougie Hamilton and loses puck.
1:07 of 3rd period - Off-side.
1:08 of 3rd period - Pontus Aberg wins face-off versus Noel Acciari in neutral zone.
1:15 of 3rd period - Wrist shot by Sam Reinhart.
1:15 of 3rd period - Stopped by Martin Jones with a rebound.
1:17 of 3rd period - Slapshot by Sam Reinhart.
1:17 of 3rd period - Stopped by Martin Jones with a rebound.
1:19 of 3rd period - Slapshot by Troy Stetcher.
1:19 of 3rd period - Stopped by Martin Jones without a rebound.
1:20 of 3rd period - Brayden Schenn wins face-off versus Tyler Seguin in Maple Leafs zone.
1:33 of 3rd period - Wrist shot by Max Domi.
1:33 of 3rd period - Deflect By Viktor Arvidsson.
1:33 of 3rd period - Stopped by Martin Jones with a rebound.
1:43 of 3rd period - Minor Penalty to Matt Duchene for Hooking.
1:44 of 3rd period - Brayden Schenn wins face-off versus Ryan Johansen in Maple Leafs zone.
3:43 of 3rd period - Penalty to Matt Duchene is over, Matt Duchene is back on ice.
3:59 of 3rd period - Anthony Mantha is hit by Jason Zucker and loses puck.
5:15 of 3rd period - Ryan Murray is hit by Matt Duchene and loses puck.
5:47 of 3rd period - Sam Reinhart is hit by Zach Werenski and loses puck.
6:27 of 3rd period - Anthony Mantha is hit by Brenden Dillon and loses puck.
7:56 of 3rd period - Marco Scandella is hit by Brett Pesce and loses puck.
8:21 of 3rd period - Snap shot by Patrice Cormier.
8:21 of 3rd period - Stopped by Jacob Markstrom without a rebound.
8:22 of 3rd period - Brayden Schenn wins face-off versus Tyler Seguin in Jets zone.
8:34 of 3rd period - Wrist shot by Viktor Arvidsson.
8:34 of 3rd period - Shot Misses the Net.
8:36 of 3rd period - Slapshot by Troy Stetcher.
8:36 of 3rd period - Stopped by Martin Jones with a rebound.
9:07 of 3rd period - Slapshot by Evander Kane.
9:07 of 3rd period - Goal by Evander Kane - Maple Leafs : 2 - Jets : 2.
9:08 of 3rd period - Bo Horvat wins face-off versus Ryan Johansen in neutral zone.
9:17 of 3rd period - Slapshot by Tye McGinn.
9:17 of 3rd period - Goal by Tye McGinn - Maple Leafs : 3 - Jets : 2.
9:18 of 3rd period - Ryan Johansen wins face-off versus Brayden Schenn in neutral zone.
9:21 of 3rd period - Evander Kane is hit by Tyler Toffoli and loses puck.
9:45 of 3rd period - Minor Penalty to Tye McGinn for Hooking.
9:46 of 3rd period - Brayden Schenn wins face-off versus Ryan Johansen in Maple Leafs zone.
10:01 of 3rd period - Icing by Dougie Hamilton.
10:02 of 3rd period - Ryan Johansen wins face-off versus Brayden Schenn in Jets zone.
11:45 of 3rd period - Penalty to Tye McGinn is over, Tye McGinn is back on ice.
13:01 of 3rd period - Off-side.
13:02 of 3rd period - Brayden Schenn wins face-off versus Tyler Seguin in neutral zone.
13:29 of 3rd period - Slapshot by John Klingberg.
13:29 of 3rd period - Shot Blocked by Alex Galchenyuk.
13:45 of 3rd period - Troy Stetcher is hit by Brad Boyes and loses puck.
13:50 of 3rd period - Snap shot by Elias Pettersson.
13:50 of 3rd period - Shot Blocked by Jussi Jokinen.
13:56 of 3rd period - Wrist shot by Brad Boyes.
13:56 of 3rd period - Stopped by Jacob Markstrom with a rebound.
13:58 of 3rd period - Snap shot by Jason Zucker.
13:58 of 3rd period - Stopped by Jacob Markstrom without a rebound.
13:59 of 3rd period - Brayden Schenn wins face-off versus Ryan Johansen in Jets zone.
14:14 of 3rd period - Wrist shot by Ryan Johansen.
14:14 of 3rd period - Stopped by Martin Jones with a rebound.
14:16 of 3rd period - Snap shot by Alex Galchenyuk.
14:16 of 3rd period - Shot Misses the Net.
14:36 of 3rd period - Andre Burakovsky is hit by Viktor Arvidsson and loses puck.
15:20 of 3rd period - Wrist shot by Ryan Johansen.
15:20 of 3rd period - Deflect By Alex Galchenyuk.
15:20 of 3rd period - Deflect By Evander Kane.
15:20 of 3rd period - Shot Blocked by Matt Duchene.
15:20 of 3rd period - Puck is out of play.
15:21 of 3rd period - Bo Horvat wins face-off versus Tyler Seguin in Maple Leafs zone.
15:34 of 3rd period - Snap shot by Tyler Seguin.
15:34 of 3rd period - Shot Misses the Net.
16:20 of 3rd period - Snap shot by Alexander Wennberg.
16:20 of 3rd period - Shot Misses the Net.
16:34 of 3rd period - Slapshot by Andre Burakovsky.
16:34 of 3rd period - Stopped by Jacob Markstrom with a rebound.
17:23 of 3rd period - Off-side.
17:24 of 3rd period - Alexander Wennberg wins face-off versus Bo Horvat in neutral zone.
17:32 of 3rd period - Slapshot by Dougie Hamilton.
17:32 of 3rd period - Stopped by Martin Jones with a rebound.
17:34 of 3rd period - Snap shot by Alexander Wennberg.
17:34 of 3rd period - Stopped by Martin Jones with a rebound.
17:36 of 3rd period - Snap shot by Dougie Hamilton.
17:36 of 3rd period - Shot Misses the Net.
17:50 of 3rd period - Wrist shot by Elias Pettersson.
17:50 of 3rd period - Shot Misses the Net.
18:12 of 3rd period - Marco Scandella is hit by Brayden Schenn and loses puck.
18:36 of 3rd period - Minor Penalty to Andre Burakovsky for Hooking.
18:37 of 3rd period - Ryan Johansen wins face-off versus Brayden Schenn in Maple Leafs zone.
18:37 of 3rd period - Jets, Jacob Markstrom is pulled from the net.
18:39 of 3rd period - Snap shot by Ryan Johansen.
18:39 of 3rd period - Stopped by Martin Jones without a rebound.
18:40 of 3rd period - Brayden Schenn wins face-off versus Ryan Johansen in Maple Leafs zone.
Goals for this period are 2 for Maple Leafs vs 0 for Jets.
Shots for this period are 6 for Maple Leafs vs 9 for Jets.